 Dungeon Sprint DCSS version 0.30-a0-728-gc68057be0a (webtiles) character file.

Game seed: 16745327274652907570

16910 Legacy the Warrior (level 12, -6/129 (132) HPs)
             Began as a Minotaur Monk on Feb 1, 2023.
             Was the Champion of Trog.
             Mangled by a vault guard
             ... wielding a +2 halberd
              (9 damage)
             ... in the Dungeon (Sprint V: "Ziggurat Sprint").
             The game lasted 00:04:09 (599 turns).

Legacy the Warrior (Minotaur Monk)                   Turns: 599, Time: 00:04:10

HP:   -6/129 (132)  AC: 29    Str: 19    XL:     12   Next: 14%
MP:   11/11         EV:  2    Int:  7    God:    Trog [******]
Gold: 0             SH: 31    Dex: 15    Spells: 11/11 levels left

rFire   . . .      SeeInvis +    u - +16 obsidian axe {drain, demonic, Mesm Drain Fly SInv}
rCold   . . .      Faith    .    t - +18 shield of the Gong {Loud rElec rN+ Will+ EV-5}
rNeg    + . .      Spirit   .    r - +5 crystal plate armour
rPois   .          Reflect  .    (helmet restricted)
rElec   +          Harm     .    w - +1 cloak {Stlth+}
rCorr   .          Rampage  .    (no gloves)
Will    +....      NoTele   +    (no boots) Stlth
                                 (no amulet)
HPRegen 0.41/turn                (no ring)
MPRegen 0.12/turn                (no ring)

@: on berserk cooldown, flying, mesmerised, hasted and slowed, studying Short
Blades, lightly drained
A: horns 2, retaliatory headbutt, screaming 1
a: Renounce Religion, Berserk, Trog's Hand, Brothers in Arms


You were in the Dungeon.
You worshipped Trog.
Trog was exalted by your worship.
You visited 1 branch

Inventory:

Hand Weapons
 u - the +16 obsidian axe (weapon) {drain, demonic, Mesm Drain Fly SInv}
   (You found it in the Dungeon)

   Mesm:      Its wielder is mesmerised by any visible foes, and it cannot be
   unequipped while any foes are visible.
   SInv:      It lets you see invisible.
   Fly:       It grants you flight.
   Drain:     It drains your maximum health when unequipped.
 v - a +6 broad axe of freezing
Armour
 a - a +0 robe
 r - a +5 crystal plate armour (worn)
 s - +5 gold dragon scales
 t - the +18 shield of the Gong (worn) {Loud rElec rN+ Will+ EV-5}
   (You found it in the Dungeon)

   Loud:      It is deafeningly noisy when blocking attacks.
   EV:        It affects your evasion (-5).
   rElec:     It insulates you from electricity.
   rN:        It protects you from negative energy.
   Will:      It increases your willpower.
 w - a +1 cloak of stealth (worn)
Wands
 i - a wand of mindburst (7)
 j - a wand of acid (7)
Scrolls
 h - 4 scrolls of blinking
 o - 7 scrolls of fog
 p - 5 scrolls of identify
 q - 2 scrolls of fear
Potions
 b - a potion of ambrosia
 c - 7 potions of curing
 d - 8 potions of heal wounds
 e - 5 potions of haste
 f - 7 potions of magic
 g - 3 potions of berserk rage
 k - 2 potions of invisibility
 l - 4 potions of resistance
 n - 5 potions of might
Miscellaneous
 m - a box of beasts


   Skills:
 * Level 19.8 Fighting
 * Level 19.0 Axes
 * Level 12.6 Armour
 * Level 15.2 Dodging
 - Level 1.5 Stealth
 * Level 15.2 Shields
 - Level 3.2 Unarmed Combat


You had 11 spell levels left.
You didn't know any spells.
Your spell library was empty.

Dungeon Overview and Level Annotations

Branches:
Dungeon (1/1)

Altars:
Ashenzari
Cheibriados
Dithmenos
Elyvilon
Fedhas
Gozag
Hepliaklqana
Kikubaaqudgha
Makhleb
Nemelex Xobeh
Okawaru
Qazlal
Ru
Sif Muna
Trog
Uskayaw
Vehumet
Wu Jian
Xom
Yredelemnul
Zin
The Shining One
Jiyva
Lugonu

Annotations:
D 1 transporter


Innate Abilities, Weirdness & Mutations

You have a pair of horns on your head.
You reflexively headbutt those who attack you in melee.
You occasionally shout uncontrollably at your foes.


Message History

You block the orb of destruction.
BONNNG!
You feel better.
Visions of slaying the vault guard flood into your mind.
Your sixfirhy hits the stone giant.
Your sixfirhy shocks the stone giant!
Your sixfirhy hits the stone giant but does no damage. x2
You block the vault guard's attack.
GONNNNG!
You block the vault guard's attack.
PTOANNNG!
The vault guard hits you with a +0 broad axe!
* * * LOW HITPOINT WARNING * * *
You block the vault guard's attack.
GONNNNG!
You block the lich's attack.
GONNNNG!
The shadow dragon bites you but does no damage.
The shadow dragon claws you but does no damage.
The shadow dragon claws you.
* * * LOW HITPOINT WARNING * * *
The vault guard hits you but does no damage.
The stone giant hits your sixfirhy!
You cannot move away from the vault guard!
You feel better.
Visions of slaying the vault guard flood into your mind.
You block the shadow dragon's attack.
BOUMMMMG!
The shadow dragon claws you!
* * * LOW HITPOINT WARNING * * *
You block the shadow dragon's attack.
PANG!
You block the vault guard's attack.
GONNNNG!
The lich touches you but does no damage.
The vault guard hits you with a +0 broad axe.
* * * LOW HITPOINT WARNING * * *
The vault guard hits you but does no damage.
The stone giant barely misses your sixfirhy.
The vault guard hits you from afar with a +2 halberd!
You die... ▓.▓)....▓.▓ ▓....8©8....▓...†©....▓ ▓..}|[[:[:..▓▓▓▓▓▓▓▓▓▓▓ ▓...=:))[...▓...8©8...▓ ▓...........▓...}))}..▓ ▓...........▓...)|=...▓ ▓.....Cpp...▓.........▓ ▓....pLD....▓.........▓ ▓pp@pC▓

▓.........▓ ▓▓c.3▓▓
▓...††....▓ ▓.....▓
▓.▓.†)†.▓.▓
▓.....©.....▓....©....▓
▓▓▓▓▓▓▓▓▓▓▓▓▓▓▓▓▓▓▓▓▓▓▓
▓...8©8...▓...8©8...▓..
▓..|)}"}}.▓..::))|..▓..
▓..)§[:)†.▓..)}:|...▓..
▓.........▓.........▓..


You could see a shadow dragon (catching breath), 2 stone giants, a lich, 6 vault
guards, a yaktaur and a friendly sixfirhy (summoned).

Vanquished Creatures
  A hydra (D)
  A vault guard (D)
  A hydra (shapeshifter) (D)
  A death yak (D)
  A harpy (shapeshifter) (D)
  A deep elf zephyrmancer (D)
  A shining eye (D)
  4 ugly things (D)
  A wolf spider (D)
  A cyclops (D)
  A black mamba (shapeshifter) (D)
  A cane toad (D)
  3 komodo dragons (D)
  A wind drake (D)
  A tarantella (shapeshifter) (D)
  A dream sheep (D)
  3 jumping spiders (D)
  A yak (D)
  A culicivora (shapeshifter) (D)
  A human (shapeshifter) (D)
  A redback (shapeshifter) (D)
  5 neqoxecs (D)
  A water moccasin (shapeshifter) (D)
  A water moccasin (D)
  A floating eye (D)
  4 scorpions (D)
  3 iguanas (D)
43 creatures vanquished.

Vanquished Creatures (collateral kills)
  A deep elf knight (D)
  4 deep elf archers (D)
  A glowing orange brain (shapeshifter) (D)
  2 deep elf zephyrmancers (D)
  A shining eye (D)
  A deep elf pyromancer (D)
  A shining eye (shapeshifter) (D)
  An elephant (D)
  A merfolk (D)
  A wind drake (D)
  An air elemental (D)
  2 golden eyes (D)
  2 floating eyes (D)
  3 centaurs (D)
  A bullfrog (D)
  A quasit (D)
  2 jellies (D)
  2 shadow imps (D)
  An ufetubus (D)
  A bat zombie (D)
  2 endoplasms (D)
  A jackal (D)
33 creatures vanquished.

Grand Total: 76 creatures vanquished

Notes
Turn   | Place    | Note
-------+----------+-------------------------------------------
     0 | D        | Legacy the Minotaur Monk began the quest for the Orb.
     0 | D        | Reached XP level 1. HP: 19/19 MP: 0/0
     1 | D        | Found a bloodstained altar of Trog.
     1 | D        | Found a shimmering blue altar of Sif Muna.
     1 | D        | Found a sacrificial altar of Ru.
     1 | D        | Found a stormy altar of Qazlal.
     1 | D        | Found an iron altar of Okawaru.
    10 | D        | Became a worshipper of Trog the Wrathful
    10 | D        | Reached * piety under Trog
    10 | D        | Reached ** piety under Trog
    17 | D        | Found a sparkling altar of Nemelex Xobeh.
    17 | D        | Found the +6 Majin-Bo {spellvamp, MP+6 Int+6}
    17 | D        | Found the +27 heavy crossbow "Sniper" {heavy, Acc+∞ SInv}
    17 | D        | Found the +10 dark maul {heavy}
    17 | D        | Found the +15 Maxwell's patent armour {-Cast -Tele rElec
                  | Will+ rCorr}
    17 | D        | Found the +18 shield of the Gong {Loud rElec rN+ Will+
                  | EV-5}
    17 | D        | Found the +16 obsidian axe {drain, demonic, Mesm Drain Fly
                  | SInv}
    17 | D        | Found the +7 great mace "Firestarter" {flame, inner flame,
                  | rFlCloud rF++}
    17 | D        | Found the +6 shillelagh "Devastator" {shatter}
    17 | D        | Found the +11 plutonium sword {Contam Stlth-}
    17 | D        | Found the +8 lance "Wyrmbane" {slay drac, rPois rF+ rC+
                  | AC+3}
    17 | D        | Found the +9 sword of Zonguldrok {reap}
    17 | D        | Found the +13 scythe of Curses {drain, curses, Drain}
    17 | D        | Found the +9 sword of Power {lifebolt}
    17 | D        | Found the +7 mace of Variability {chaos, chain chaos}
    17 | D        | Found the +11 Singing Sword {sonic wave}
    17 | D        | Found the +8 storm bow {elec, penet}
    21 | D        | Found a blossoming altar of Fedhas.
    23 | D        | Found a transporter.
    23 | D        | Found an ancient bone altar of Kikubaaqudgha.
    23 | D        | Found a viscous altar of Jiyva.
    23 | D        | Found a corrupted altar of Lugonu.
    23 | D        | Found a hazy altar of Hepliaklqana.
    23 | D        | Found a burning altar of Makhleb.
    23 | D        | Found an opulent altar of Gozag.
    67 | D        | Reached XP level 2. HP: 38/38 MP: 1/1
    70 | D        | Entered arena 2.
    70 | D        | Found a transporter.
    74 | D        | Reached skill level 10 in Fighting
    74 | D        | Reached skill level 1 in Armour
    74 | D        | Reached skill level 1 in Shields
    74 | D        | Reached XP level 3. HP: 35/45 MP: 2/2
    78 | D        | Entered arena 3.
    78 | D        | Noticed a bullfrog
    78 | D        | Found a transporter.
    79 | D        | Killed a bullfrog
    80 | D        | Reached skill level 5 in Dodging
    80 | D        | Reached XP level 4. HP: 43/53 MP: 3/3
    81 | D        | Reached *** piety under Trog
    82 | D        | Reached XP level 5. HP: 49/60 MP: 4/4
    90 | D        | Entered arena 4.
    90 | D        | Noticed a floating eye
    90 | D        | Noticed a floating eye
    90 | D        | Noticed a golden eye
    90 | D        | Found a transporter.
    92 | D        | Killed a golden eye
    93 | D        | Reached XP level 6. HP: 62/70 MP: 5/5
    93 | D        | Killed a floating eye
    93 | D        | Reached **** piety under Trog
    94 | D        | Reached skill level 5 in Axes
    94 | D        | Reached skill level 5 in Armour
    94 | D        | Reached skill level 5 in Shields
    94 | D        | Killed a floating eye
   105 | D        | Entered arena 5.
   105 | D        | Noticed a floating eye
   105 | D        | Found a transporter.
   106 | D        | Paralysed by a floating eye for 4 turns
   107 | D        | Killed a floating eye
   108 | D        | Reached XP level 7. HP: 75/79 MP: 6/6
   108 | D        | Reached ***** piety under Trog
   118 | D        | Entered arena 6.
   118 | D        | Noticed a deep elf zephyrmancer
   118 | D        | Noticed a deep elf zephyrmancer
   118 | D        | Noticed a deep elf knight
   118 | D        | Noticed a deep elf archer
   118 | D        | Noticed an air elemental
   118 | D        | Found a transporter.
   120 | D        | Killed a deep elf archer
   120 | D        | Received a gift from Trog
   121 | D        | Reached skill level 10 in Dodging
   121 | D        | Reached XP level 8. HP: 89/89 MP: 7/7
   121 | D        | Killed an air elemental
   124 | D        | Killed a deep elf knight
   125 | D        | Reached skill level 15 in Fighting
   128 | D        | Killed a deep elf zephyrmancer
   128 | D        | Killed a deep elf zephyrmancer
   129 | D        | Reached XP level 9. HP: 100/100 MP: 8/8
   165 | D        | Entered arena 7.
   168 | D        | Received a gift from Trog
   173 | D        | Found a transporter.
   183 | D        | Entered arena 8.
   183 | D        | Noticed a deep elf pyromancer
   183 | D        | Noticed a deep elf zephyrmancer
   183 | D        | Noticed a deep elf archer
   183 | D        | Noticed a deep elf archer
   183 | D        | Noticed a water nymph
   183 | D        | Noticed a deep elf archer
   184 | D        | Found a transporter.
   186 | D        | a water nymph changed into a glowing orange brain
   186 | D        | Noticed a glowing orange brain (glowing shapeshifter)
   187 | D        | a glowing orange brain changed into a redback
   187 | D        | Killed a deep elf zephyrmancer
   187 | D        | Killed a deep elf archer
   187 | D        | Reached ****** piety under Trog
   189 | D        | Killed a deep elf archer
   189 | D        | Received a gift from Trog
   190 | D        | Reached XP level 10. HP: 111/111 MP: 9/9
   194 | D        | Killed a deep elf pyromancer
   195 | D        | Reached skill level 10 in Shields
   195 | D        | Killed a deep elf archer
   196 | D        | Reached skill level 10 in Armour
   213 | D        | Entered arena 9.
   213 | D        | Noticed a cyclops
   214 | D        | Found a transporter.
   220 | D        | Received a gift from Trog
   222 | D        | Killed a cyclops
   341 | D        | Entered arena 10.
   341 | D        | Noticed a wolf spider
   342 | D        | Found a transporter.
   345 | D        | Killed a wolf spider
   347 | D        | Received a gift from Trog
   349 | D        | Reached skill level 15 in Axes
   382 | D        | Entered arena 11.
   382 | D        | Noticed a black mamba
   382 | D        | Noticed a red ugly thing
   382 | D        | Noticed a purple ugly thing
   382 | D        | Noticed a harpy
   382 | D        | Noticed a cyan ugly thing
   382 | D        | a black mamba changed into a tarantella
   383 | D        | Found a transporter.
   387 | D        | Killed a red ugly thing
   387 | D        | Received a gift from Trog
   387 | D        | Noticed a sixfirhy
   388 | D        | Reached XP level 11. HP: 121/121 MP: 10/10
   389 | D        | Gained mutation: You occasionally shout uncontrollably at
                  | your foes. [a neqoxec]
   391 | D        | Killed a purple ugly thing
   393 | D        | Killed a cyan ugly thing
   396 | D        | Killed a harpy
   426 | D        | Entered arena 12.
   426 | D        | Noticed a four-headed hydra
   426 | D        | Noticed a death yak
   428 | D        | Found a transporter.
   432 | D        | Received a gift from Trog
   438 | D        | Killed a nine-headed hydra
   439 | D        | Killed a death yak
   549 | D        | Entered arena 13.
   549 | D        | Noticed an orb spider
   549 | D        | Noticed a shining eye
   549 | D        | Noticed an orb spider
   549 | D        | an orb spider changed into a shining eye
   549 | D        | Noticed a shining eye (glowing shapeshifter)
   549 | D        | Noticed a red ugly thing
   550 | D        | Noticed a shining eye
   551 | D        | a faun changed into a glowing orange brain
   551 | D        | Noticed a glowing orange brain (glowing shapeshifter)
   551 | D        | an orb spider changed into a slime creature
   552 | D        | Found a transporter.
   552 | D        | a shining eye changed into a torpor snail
   553 | D        | a slime creature changed into a shining eye
   553 | D        | Noticed a shining eye (glowing shapeshifter)
   554 | D        | a torpor snail changed into an orb spider
   554 | D        | Noticed an orb spider (glowing shapeshifter)
   555 | D        | a manticore changed into a lindwurm
   555 | D        | Noticed a lindwurm (glowing shapeshifter)
   555 | D        | Killed a shining eye
   557 | D        | Killed a shining eye
   557 | D        | Received a gift from Trog
   557 | D        | a lindwurm changed into a yaktaur
   557 | D        | Killed a glowing orange brain
   561 | D        | Reached skill level 15 in Dodging
   564 | D        | Killed a red ugly thing
   567 | D        | Killed a shining eye
   568 | D        | Reached XP level 12. HP: 128/132 MP: 11/11
   575 | D        | a slime creature changed into a jorogumo
   575 | D        | Noticed a jorogumo (glowing shapeshifter)
   575 | D        | a jorogumo changed into a ghost moth
   575 | D        | Noticed a ghost moth (glowing shapeshifter)
   576 | D        | a ghost moth changed into an ettin
   576 | D        | Noticed an ettin (glowing shapeshifter)
   577 | D        | an ettin changed into a four-headed hydra
   577 | D        | Noticed a four-headed hydra (glowing shapeshifter)
   578 | D        | Killed a five-headed hydra
   578 | D        | Received a gift from Trog
   579 | D        | Reached skill level 15 in Shields
   588 | D        | Entered arena 14.
   589 | D        | Noticed a vault guard
   589 | D        | Noticed a vault guard
   589 | D        | Noticed a shadow dragon
   589 | D        | Noticed a vault guard
   589 | D        | Noticed a stone giant
   589 | D        | Noticed a vault guard
   589 | D        | Noticed a vault guard
   589 | D        | Noticed a vault guard
   590 | D        | Noticed a lich
   590 | D        | Noticed a vault guard
   590 | D        | Noticed a stone giant
   591 | D        | Found a transporter.
   593 | D        | Killed a vault guard
   599 | D        | HP: 3/129 [vault guard/+0 broad axe (4)]
   599 | D        | Mangled by a vault guard

Illustrated notes

Levels and vault maps discovered:
D:        sprint_v [room_start, room_1, room_2, room_3, room_4, room_5, room_6,
          room_7, room_8, room_9, room_10, room_11, room_12, room_13, room_14,
          room_15, room_16, room_17, room_18, room_19, room_20, room_21,
          room_22, room_23, room_24, room_25, room_26, room_27]

Skill      XL: |  1  2  3  4  5  6  7  8  9 10 11 12 |
---------------+-------------------------------------+-----
Fighting       | 9 10 11 12 13 14 16 17 18 19 | 19.8
Axes           | 2 3 4 6 8 11 12 15 18 19 | 19.0
Armour         | 1 3 4 5 6 8 9 10 12 | 12.6
Dodging        | 4 5 6 7 8 10 11 13 14 15 | 15.2
Shields        | 1 3 4 5 6 8 9 11 14 15 | 15.2
Stealth        | |  1.5
Unarmed Combat | |  3.2

Action                     |  1- 3 |  4- 6 |  7- 9 | 10-12 || total
---------------------------+-------+-------+-------+-------++-------
  Melee: Broad axe         |     2 |     3 |     8 |    47 ||    60
         Headbutt          |       |       |     1 |     7 ||     8
 Invoke: Berserk           |       |       |     2 |     3 ||     5
    Use: Potion            |     1 |       |       |     6 ||     7
         Scroll            |       |       |       |     5 ||     5
 Armour: Crystal plate arm |     1 |     2 |     2 |    69 ||    74
  Dodge: Dodged            |       |       |     1 |     3 ||     4
  Block: Kite shield       |     4 |     2 |    13 |   150 ||   169

Table legend: (Time is in decaauts)
 A = Elapsed time spent in this place.
 B = Non-inter-level travel time spent in this place.
 C = Inter-level travel time spent in this place.
 D = Time resting spent in this place.
 E = Time spent auto-exploring this place.
 F = Levels seen in this place.
 G = Mean time per level.
                   A        B        C        D        E       F      G
               +--------+--------+--------+--------+--------+-----+--------+
         Total |    638 |    634 |      4 |    257 |      0 |   1 |  638.0 |
       Dungeon |    638 |    634 |      4 |    257 |      0 |   1 |  638.0 |
               +--------+--------+--------+--------+--------+-----+--------+

Top non-repeatable levels by time:
       D: 638 daAuts
